 Dungeon Sprint DCSS version 0.31-a0-1074-g0b22e4e0f1 (webtiles) character file.

Game seed: 8397772662730514559

3176 sircluck the Grappler (level 9, -9/105 HPs)
             Began as a Troll Berserker on Dec 4, 2023.
             Was an Elder of Trog.
             Mangled by a hornet (13 damage)
             ... called by a spriggan druid
             ... while paralysed by a hornet
             ... in the Dungeon (Sprint IV: "Fedhas' Mad Dash").
             The game lasted 00:04:13 (933 turns).

sircluck the Grappler (Troll Berserker)              Turns: 933, Time: 00:04:14

Health: -9/105     AC:  4    Str: 31    XL:     9   Next: 63%
Magic:  8/8        EV:  1    Int:  3    God:    Trog [****..]
Gold:   205        SH:  0    Dex:  9    Spells: 8/8 levels left

rFire   . .          .
                       - Unarmed
rCold   . . .        (no shield)
rNeg    . . .        a - +0 animal skin
rPois   .            (helmet restricted)
rElec   .            (no cloak)
rCorr   .            (gloves unavailable)
SInv    .            (boots unavailable)
Will    .....        i - amulet of invisibility {+Inv}
Stlth   +            (no ring)
HPRegen 1.17/turn    (no ring)
MPRegen 0.11/turn

%: no teleportation
@: paralysed, lethally poisoned (-9 -> -16), slowed, studying Ranged Weapons
A: large, unfitting armour, claws 3, regeneration 1, shaggy fur 1, tough skin 1
a: Renounce Religion, Evoke Invisibility, Berserk, Trog's Hand, Brothers in Arms


You were in the Dungeon.
You worshipped Trog.
Trog was greatly pleased with you.
You visited 1 branch You collected 205 gold pieces.

Inventory:

Missiles
 h - 2 poisoned darts
 o - 4 large rocks
Armour
 a - a +0 animal skin (worn)
Jewellery
 i - the amulet of invisibility (around neck) {+Inv}
   (You found it in the Dungeon)

   [amulet of nothing]

   +Inv:      It lets you turn invisible.
 l - a +5 ring of evasion
Wands
 n - a wand of mindburst (5)
Scrolls
 g - a scroll of blinking
 j - a scroll of vulnerability {unknown}
 k - a scroll of fear {unknown}
 m - a scroll of immolation {unknown}
Potions
 b - 3 potions of curing
 c - a potion of heal wounds
 d - a potion of haste
 e - 2 potions of magic
 f - a potion of berserk rage


   Skills:
 + Level 11.4 Fighting
 + Level 11.3 Dodging
 + Level 13.3 Unarmed Combat


You had 8 spell levels left.
You didn't know any spells.
Your spell library was empty.

Dungeon Overview and Level Annotations

Branches:
Dungeon (1/1)

Altars:
Cheibriados
Dithmenos
Elyvilon
Gozag
Hepliaklqana
Kikubaaqudgha
Makhleb
Nemelex Xobeh
Okawaru
Qazlal
Ru
Sif Muna
Trog
Uskayaw
Vehumet
Wu Jian
Xom
Yredelemnul
Zin
The Shining One
Jiyva
Lugonu

Shops:
D :(*:


Innate Abilities, Weirdness & Mutations

You are too large for most types of armour.
You have claws for hands.
Your natural rate of healing is unusually fast.
You are covered in fur. (AC +1)
You have tough skin. (AC +1)


Message History

The hornet closely misses your polar bear.
A hornet comes into view.
The hornet stings your polar bear!
Your polar bear is poisoned.
Your polar bear seems to slow down.
Your polar bear bites the hornet!
Your polar bear misses the hornet.
Your polar bear claws the hornet but does no damage.
The hornet stings your polar bear!
Your polar bear seems to slow down.
The hornet closely misses your polar bear.
Your polar bear bites the hornet.
The hornet dies!
Trog accepts your kill.
Unknown command.
The hornet misses your polar bear.
Your polar bear barely misses the hornet. x3
The hornet stings your polar bear!
Your polar bear seems to slow down.
Your polar bear disappears in a puff of smoke!
A moth of wrath comes into view.
The hornet stings you!
You are poisoned.
You feel yourself slow down.
You barely miss the hornet.
You feel very sick.
The moth of wrath's fur bristles in rage as it notices you.
The moth of wrath goads the hornet on!
The hornet goes berserk!
The hornet stings you!!
You suddenly lose the ability to move!
The hornet stings you.
You feel as though you will be slow longer.
You feel sick. The hornet stings you!
* * * LOW HITPOINT WARNING * * *
You feel as though you will be slow longer.
The hornet stings you.
* * * LOW HITPOINT WARNING * * *
You feel as though you will be slow longer.
You feel sick. The hornet stings you!
* * * LOW HITPOINT WARNING * * *
You are lethally poisoned!
You shrug off the repeated paralysis!
The hornet stings you!
You die...

..'.#...'.._._._._._..'..#...#...
..#.#...#..._._._._...#..###'##.)
######'##.._._._._._..#..##∩∩.'..
....'...#._._._._._.⌠.###########
....#...###############
♣..######♣♣♣♣♣..♣$#
#####..'......♣..♣#
.......#♣..♣♣♣.♣..#
.......#.♣♣§.♣yy@♣
##################


You could see a moth of wrath and a hornet (berserk).

Vanquished Creatures
  An oklob plant (D)
  2 burning bushes (D)
  3 wandering mushrooms (D)
  3 scorpions (D)
  2 killer bees (D)
  4 oklob saplings (D)
  2 spriggans (D)
  A river rat (D)
  A rat (D)
19 creatures vanquished.

Vanquished Creatures (collateral kills)
  A spriggan druid (D)
  An oklob plant (D)
  A burning bush (D)
  A queen bee (D)
  A hornet (D)
  2 killer bees (D)
  An oklob sapling (D)
8 creatures vanquished.

Grand Total: 27 creatures vanquished

Notes
Turn   | Place    | Note
-------+----------+-------------------------------------------
     0 | D        | sircluck the Troll Berserker began the quest for the Orb.
     0 | D        | Reached XP level 1. HP: 22/22 MP: 0/0
    17 | D        | Reached XP level 2. HP: 23/31 MP: 1/1
    25 | D        | Noticed an oklob sapling
    27 | D        | Killed an oklob sapling
    27 | D        | Reached ** piety under Trog
    28 | D        | Reached skill level 4 in Unarmed Combat
    28 | D        | Reached XP level 3. HP: 39/39 MP: 2/2
    30 | D        | Noticed a scorpion
    30 | D        | Found the amulet of invisibility {+Inv}
    33 | D        | Killed a scorpion
    34 | D        | Reached skill level 5 in Unarmed Combat
    34 | D        | Reached XP level 4. HP: 49/49 MP: 3/3
    60 | D        | Reached skill level 5 in Fighting
    60 | D        | Reached skill level 5 in Dodging
    60 | D        | Reached skill level 6 in Unarmed Combat
    77 | D        | Found an opulent altar of Gozag.
    77 | D        | Found a hazy altar of Hepliaklqana.
    77 | D        | Found a burning altar of Makhleb.
    77 | D        | Found a sparkling altar of Nemelex Xobeh.
    77 | D        | Found a snail-covered altar of Cheibriados.
    77 | D        | Found a sacrificial altar of Ru.
    77 | D        | Found a shimmering blue altar of Sif Muna.
    77 | D        | Found a shimmering altar of Xom.
    77 | D        | Found a basalt altar of Yredelemnul.
    78 | D        | Found a viscous altar of Jiyva.
    78 | D        | Found a bloodstained altar of Trog.
    78 | D        | Found an ornate altar of the Wu Jian Council.
    79 | D        | Found an iron altar of Okawaru.
    79 | D        | Found a glowing silver altar of Zin.
    79 | D        | Found a shadowy altar of Dithmenos.
    80 | D        | Found a hide-covered altar of Uskayaw.
    80 | D        | Found an ancient bone altar of Kikubaaqudgha.
    81 | D        | Found a stormy altar of Qazlal.
    81 | D        | Found a glowing golden altar of the Shining One.
    81 | D        | Found a white marble altar of Elyvilon.
    82 | D        | Found a radiant altar of Vehumet.
    82 | D        | Found a corrupted altar of Lugonu.
    88 | D        | Reached XP level 5. HP: 34/59 MP: 4/4
   102 | D        | Reached *** piety under Trog
   103 | D        | Reached skill level 7 in Unarmed Combat
   168 | D        | Reached **** piety under Trog
   169 | D        | Reached skill level 8 in Unarmed Combat
   169 | D        | Reached XP level 6. HP: 21/68 MP: 5/5
   214 | D        | Found Cogrithra's Antique Weapon Shop.
   214 | D        | Found Adeolago's Book Emporium.
   223 | D        | Noticed a burning bush
   223 | D        | Noticed a wandering mushroom
   224 | D        | Noticed a wandering mushroom
   439 | D        | Reached skill level 9 in Unarmed Combat
   487 | D        | Killed a burning bush
   488 | D        | Reached XP level 7. HP: 81/81 MP: 6/6
   492 | D        | Found Veigysm's Book Emporium.
   492 | D        | Found Ryrisilypp's Assorted Antiques.
   538 | D        | Noticed a queen bee
   548 | D        | Reached skill level 10 in Unarmed Combat
   553 | D        | Killed a queen bee
   554 | D        | Reached XP level 8. HP: 28/92 MP: 7/7
   741 | D        | Noticed an oklob plant
   750 | D        | Killed an oklob plant
   750 | D        | Reached ***** piety under Trog
   751 | D        | Reached skill level 11 in Unarmed Combat
   767 | D        | Noticed a burning bush
   769 | D        | Identified the +11 plate armour of Nauplit {rF++ Slay+6
                  | Stlth-}
   773 | D        | Killed a burning bush
   774 | D        | Reached skill level 10 in Fighting
   793 | D        | Noticed a burning bush
   793 | D        | Noticed an oklob plant
   794 | D        | Noticed a wandering mushroom
   849 | D        | Killed a wandering mushroom
   850 | D        | Reached skill level 10 in Dodging
   850 | D        | Reached skill level 12 in Unarmed Combat
   858 | D        | Killed a burning bush
   859 | D        | Reached XP level 9. HP: 91/102 MP: 8/8
   867 | D        | Killed an oklob plant
   900 | D        | Noticed a spriggan druid
   910 | D        | Killed a spriggan druid
   911 | D        | Reached skill level 13 in Unarmed Combat
   929 | D        | Noticed a moth of wrath
   931 | D        | Paralysed by a hornet for 3 turns
   933 | D        | HP: 4/105 [hornet[a spriggan druid] (14)]
   933 | D        | Mangled by a hornet

Illustrated notes

Levels and vault maps discovered:
D:        dungeon_sprint_fedhas [sprint_temple]

Skill      XL: |  1  2  3  4  5  6  7  8  9 |
---------------+----------------------------+-----
Fighting       | 3 4 5 6 8 9 10 11 | 11.4
Dodging        | 3 4 5 6 8 9 10 11 | 11.3
Unarmed Combat | 4 5 6 8 9 10 12 13 | 13.3

Action                     |  1- 3 |  4- 6 |  7- 9 || total
---------------------------+-------+-------+-------++-------
  Melee: Unarmed           |    15 |    43 |    27 ||    85
         Punch             |     1 |     1 |     3 ||     5
 Invoke: Berserk           |       |     1 |       ||     1
         Brothers in Arms  |       |       |     4 ||     4
Ability: Evoke Invisibilit |       |     1 |       ||     1
   Stab: Sleeping          |     1 |       |       ||     1
         Invisible         |       |     1 |       ||     1
 Armour: Animal skin       |    11 |    27 |    29 ||    67
  Dodge: Dodged            |     7 |    17 |    13 ||    37

Table legend: (Time is in decaauts)
 A = Elapsed time spent in this place.
 B = Non-inter-level travel time spent in this place.
 C = Inter-level travel time spent in this place.
 D = Time resting spent in this place.
 E = Time spent auto-exploring this place.
 F = Levels seen in this place.
 G = Mean time per level.
                   A        B        C        D        E       F      G
               +--------+--------+--------+--------+--------+-----+--------+
         Total |    930 |    930 |      0 |    526 |     43 |   1 |  930.0 |
       Dungeon |    930 |    930 |      0 |    526 |     43 |   1 |  930.0 |
               +--------+--------+--------+--------+--------+-----+--------+

Top non-repeatable levels by time:
       D: 930 daAuts
